 Dungeon Crawl Stone Soup version 0.30-a0-170-g85af917532 (webtiles) character file.

Game seed: 9943201471213597266

6 DanyWose the Trooper (level 2, -7/24 HPs)
             Began as a Human Berserker on Sept 30, 2022.
             Was a Follower of Trog.
             Mangled by Terence
             ... wielding a +0 flail
              (9 damage)
             ... on level 2 of the Dungeon.
             The game lasted 00:03:35 (358 turns).

DanyWose the Trooper (Human Berserker)               Turns: 358, Time: 00:03:36

Health: -7/24      AC:  6    Str: 17    XL:     2   Next: 0%
Magic:  2/2        EV: 10    Int:  7    God:    Trog [*.....]
Gold:   40         SH:  0    Dex: 12    Spells: 1/1 levels left

rFire   . . .      SeeInvis .    a - +0 falchion
rCold   . . .      Faith    .    (no shield)
rNeg    . . .      Spirit   .    f - +0 scale mail
rPois   .          Reflect  .    (no helmet)
rElec   .          Harm     .    (no cloak)
rCorr   .          Rampage  .    (no gloves)
Will    .....                    (no boots)
Stlth   ..........               (no amulet)
HPRegen 0.08/turn                (no ring)
MPRegen 0.08/turn                (no ring)

@: about to teleport
A: no striking features
a: Renounce Religion, Berserk


You were on level 2 of the Dungeon.
You worshipped Trog.
Trog was aware of your devotion.
You visited 1 branch of the dungeon, and saw 2 of its levels.

You collected 40 gold pieces.

Inventory:

Hand Weapons
 a - a +0 falchion (weapon)
 h - a +0 whip
 j - a +0 hand axe
Missiles
 c - 4 poisoned darts (quivered)
 g - 5 stones
Armour
 b - a +0 animal skin
 e - a +0 ring mail
 f - a +0 scale mail (worn)
 i - a +0 leather armour
Potions
 d - a potion of curing {unknown}


   Skills:
 + Level 3.1 Fighting
 + Level 3.1 Long Blades
 + Level 2.0 Armour
 + Level 2.0 Dodging


You had one spell level left.
You didn't know any spells.
Your spell library was empty.

Dungeon Overview and Level Annotations

Branches:
Dungeon (2/15)

Altars:

Annotations:
D:2 Terence


Message History

The bat hits you but does no damage.
You closely miss the bat.
The bat is moderately wounded.
The bat barely misses you.
You hit the bat.
You kill the bat!
Trog accepts your kill.
You have reached level 2!
Things that are here:
a +0 hand axe; a bat corpse
j - a +0 hand axe
Found a scroll labelled ROXEGOSTROUPAL.
k - a scroll of teleportation
Found a glowing purple potion.
Terence the Incautious comes into view.
He is wielding a +0 flail.
Terence shouts!
You hit Terence but do no damage. Terence barely misses you.
You hit Terence but do no damage. Terence hits you but does no damage.
You hit Terence but do no damage. Terence hits you with a +0 flail.
You hit Terence but do no damage.
Terence says, "Time to say good-bye..."
Terence barely misses you.
You hit Terence.
Terence is lightly wounded.
Terence closely misses you.
You hit Terence.
Terence is moderately wounded.
Terence hits you but does no damage. Terence says, "How do you enjoy it?"
Terence hits you with a +0 flail.
You hit Terence but do no damage.
Terence is moderately wounded.
Terence hits you with a +0 flail! Terence attacks as you move away!
Terence hits you with a +0 flail.
* * * LOW HITPOINT WARNING * * *
As you read the scroll of teleportation, it crumbles to dust.
You feel strangely unstable. Terence hits you with a +0 flail.
* * * LOW HITPOINT WARNING * * *
Terence attacks as you move away! Terence hits you with a +0 flail!
You die...

####.########.#
#.............# ######
#.##.########.# .....
#.##.# #.# ...# #.##.# #.#
..## #.##.# #.##...#
########.##.########.....#
#..†.................#..##
#.#######.###@######.#...#
#.# #.# #@# #....## ##.#
#.###.#######..##
###.#.####..#..........†.##
#..###......##......##....#
#.#.#....... ##?.##.##...##
#.##.>...... #......#..##
............ #..##....##
........#... .!#.....##


You could see Terence.

Vanquished Creatures
  A bat (D:2)
  A goblin (D:2)
  2 kobolds (D:2)
  A rat (D:2)
5 creatures vanquished.

Notes
Turn   | Place    | Note
-------+----------+-------------------------------------------
     0 | D:1      | DanyWose the Human Berserker began the quest for the Orb.
     0 | D:1      | Reached XP level 1. HP: 18/18 MP: 1/1
   334 | D:2      | Reached XP level 2. HP: 24/24 MP: 2/2
   343 | D:2      | Noticed Terence
   358 | D:2      | Mangled by Terence

Illustrated notes

Levels and vault maps discovered:
D:1:      minmay_arrival_split_and_join, layout_loops_corners, serial_shops,
          shop, shop_statue, hellmonk_ecumenical_altar_pennies_from_heaven,
          st_stairs_10
D:2:      layout_loops_ring, nicolae_figureground_pulse, uniq_natasha,
          uniq_terence

Action                   || total
-------------------------++-------
Melee: Falchion          ||    27
  Use: Scroll            ||     2
Armor: Scale mail        ||     8
Dodge: Dodged            ||    22

Table legend: (Time is in decaauts)
 A = Elapsed time spent in this place.
 B = Non-inter-level travel time spent in this place.
 C = Inter-level travel time spent in this place.
 D = Time resting spent in this place.
 E = Time spent auto-exploring this place.
 F = Levels seen in this place.
 G = Mean time per level.
                   A        B        C        D        E       F      G
               +--------+--------+--------+--------+--------+-----+--------+
         Total |    361 |    206 |    155 |    115 |      0 |   2 |  180.5 |
       Dungeon |    361 |    206 |    155 |    115 |      0 |   2 |  180.5 |
               +--------+--------+--------+--------+--------+-----+--------+

Top non-repeatable levels by time:
     D:2: 341 daAuts
     D:1: 20 daAuts
